 Dungeon Crawl Stone Soup version 0.21.1 (webtiles) character file.

3404 Rrauwl the Spear-Bearer (level 9, 0/83 HPs)
             Began as a Red Draconian Artificer on Feb 3, 2018.
             Was an Initiate of Vehumet.
             Slain by an orc warrior
             ... wielding a +0 long sword
              (13 damage)
             ... on level 7 of the Dungeon.
             The game lasted 00:29:20 (8444 turns).

Rrauwl the Spear-Bearer (Red Draconian Artificer)   Turns: 8444, Time: 00:29:21

Health: 0/83       AC:  8    Str: 15    XL:     9   Next: 75%
Magic:  12/12      EV: 12    Int: 13    God:    Vehumet [......]
Gold:   219        SH:  0    Dex: 13    Spells: 12/12 levels left

rFire    + . .     SeeInvis .   a - +0 halberd
rCold    . . .     Gourm    .   (shield currently unavailable)
rNeg     . . .     Faith    .   (armour unavailable)
rPois    .         Spirit   .   (helmet restricted)
rElec    .         Reflect  .   (no cloak)
rCorr    +         Harm     .   (no gloves)
MR       .....                  q - +0 pair of boots
Stlth    ++........             (no amulet)
HPRegen  0.23/turn              h - ring of resist corrosion
MPRegen  0.13/turn              (no ring)

@: short of breath
A: breathe fire, unfitting armour, fire resistance 1, cold-blooded, AC +7
a: Breathe Fire, Renounce Religion


You were on level 7 of the Dungeon.
You worshipped Vehumet.
Vehumet was noncommittal.
You were hungry.

You visited 2 branches of the dungeon, and saw 9 of its levels.

You collected 357 gold pieces.
You spent 138 gold pieces at shops.

Inventory:

Hand Weapons
 a - a +0 halberd (weapon)
 c - a +3 dire flail of freezing
Missiles
 b - 2 throwing nets (quivered)
Armour
 q - a +0 pair of boots (worn)
Jewellery
 h - a ring of resist corrosion (left hand)
Wands
 d - a wand of random effects (16)
 r - a wand of enslavement (11)
 s - a wand of flame (26)
Scrolls
 f - a scroll of immolation
 g - 5 scrolls of remove curse
 i - 11 scrolls of identify
 j - 2 scrolls of amnesia
 k - 2 scrolls of magic mapping
 l - 2 scrolls of teleportation
 o - a scroll of enchant armour
 p - 2 scrolls of enchant weapon
Potions
 m - a potion of flight
 u - a potion of lignification
Books
 t - a book of Maledictions

   Spells                             Type                      Level
   a - Corona                         Hexes                        1
   b - Ensorcelled Hibernation        Hexes/Ice                    2
   c - Confuse                        Hexes                        3
   d - Tukima's Dance                 Hexes                        3
   e - Dazzling Spray                 Conjuration/Hexes            3
Comestibles
 e - 20 rations
 n - 5 chunks of flesh


   Skills:
 - Level 9.0 Fighting
   Level 1.0 Short Blades
 + Level 10.3 Polearms
 - Level 2.0 Dodging
 - Level 1.0 Stealth
 - Level 2.3 Spellcasting
 - Level 4.1 Evocations


You had 12 spell levels left.
You didn't know any spells.

Dungeon Overview and Level Annotations

Branches:
Dungeon (8/15)             Temple (1/1) D:7
   Lair: D:8-11

Altars:
Ashenzari
Cheibriados
Dithmenos
Elyvilon
Fedhas
Gozag
Hepliaklqana
Kikubaaqudgha
Makhleb
Nemelex Xobeh
Okawaru
Qazlal
Ru
Sif Muna
Trog
Uskayaw
Vehumet
Wu Jian
Xom
Zin
The Shining One

Shops:
D:2 *   D:4 %?

Annotations:
D:3 2 transporters


Innate Abilities, Weirdness & Mutations

You can breathe blasts of fire.
Your fiery red scales are hard. (AC +7)
You cannot fit into any form of body armour.
Your flesh is heat resistant. (rF+)
You are cold-blooded and may be slowed by cold attacks.


Message History

You breathe a blast of fire.
The fiery breath misses the orc warrior.
You feel somewhat more hungry. The orc warrior closely misses you.
Okay, then.
Evoke which item? (* to show all) (? for menu, Esc to quit)
Aiming: Throw Flame
Press: ? - help, Shift-Dir - straight line, f/p - orc warrior
Aim: an orc warrior, wielding a long sword and wearing a plate armour (heavily wounded)
The puff of flame hits the orc warrior.
The orc warrior is heavily wounded.
The orc warrior hits you with a long sword!
* * * LOW HITPOINT WARNING * * *
Evoke which item? (* to show all) (? for menu, Esc to quit)
Aiming: Throw Flame
Press: ? - help, Shift-Dir - straight line, f/p - orc warrior
Aim: an orc warrior, wielding a long sword and wearing a plate armour (heavily wounded)
The puff of flame hits the orc warrior.
The orc warrior is heavily wounded.
The orc warrior hits you with a long sword!
You die...

###.##........# #..## #.>.
....#######.### #.## #.)#
##......# #.# #.# #..#
.##.....###.######.# #..#
.#####...........#.# ###..# ..#
#.#####.#####.# #...## ..## #.###
#.# #.# ####.#.##
...###...###.#####.######........
##..####.##.....@o...ยง....##..###
###.# ##......####....######..#
#.#)###..####.####.#### ##...#
#........<###..##..# #...##
#...##.............## ##.#.#
#.#....###..#####...#####..#.#
#.....## ##.....#.#.......##.#
......# #####....#####..##.#
......# ###.........##.###


You could see an orc warrior.

Vanquished Creatures
  The ghost of 2d6 the Skirmisher, a novice DsCK of Ashenzari (D:5)
  2 hippogriffs (D:7)
  A human (D:7)
  3 hogs (D:7)
  Menkaure (D:4)
  2 ice beasts
  2 sky beasts
  3 ogres
  A phantom (D:8)
  3 centaurs
  2 gnoll sergeants
  A scorpion (D:4)
  3 wights (D:7)
  3 crimson imps
  3 hounds
  A jelly (D:6)
  4 orc wizards
  Ijyb (D:4)
  An iguana (D:6)
  3 worker ants
  A worker ant zombie (D:7)
  9 gnolls
  5 adders
  2 howler monkey skeletons
  A shadow imp (D:5)
  3 oozes
  A worm (D:3)
  3 dart slugs
  A leopard gecko (D:1)
  14 orcs
  2 bats
  7 giant cockroaches
  8 goblins
  8 hobgoblins
  4 jackals (D:5)
  5 frilled lizards
  7 kobolds
  A leopard gecko zombie (D:7)
  A quokka skeleton (D:6)
  A quokka zombie (D:5)
  11 rats
136 creatures vanquished.

Vanquished Creatures (collateral kills)
  A hog (D:7)
  A centaur (D:3)
2 creatures vanquished.

Vanquished Creatures (others)
  An orc (D:4)
1 creature vanquished.

Grand Total: 139 creatures vanquished

Notes
Turn   | Place    | Note
-------+----------+-------------------------------------------
     0 | D:1      | Rrauwl the Draconian Artificer began the quest for the Orb.
     0 | D:1      | Reached XP level 1. HP: 16/16 MP: 3/3
    61 | D:1      | Reached skill level 1 in Stealth
   194 | D:1      | Reached XP level 2. HP: 23/24 MP: 4/4
   895 | D:2      | Reached XP level 3. HP: 31/31 MP: 5/5
   995 | D:2      | Found a sacrificial altar of Ru.
  1088 | D:2      | Reached XP level 4. HP: 29/40 MP: 6/6
  1447 | D:2      | Found Gozag's Platinum Reserve.
  1463 | D:2      | Found an opulent altar of Gozag.
  1659 | D:2      | Found a hazy altar of Hepliaklqana.
  1896 | D:3      | Found a transporter.
  1904 | D:3      | Noticed a centaur
  1910 | D:3      | Found a transporter.
  1928 | D:3      | Killed a centaur
  1928 | D:3      | Reached skill level 5 in Fighting
  1928 | D:3      | Reached XP level 5. HP: 11/48 MP: 7/7
  2224 | D:3      | Found a bloodstained altar of Trog.
  2274 | D:3      | Noticed a centaur
  2336 | D:3      | Killed a centaur
  2347 | D:3      | Found a sacrificial altar of Ru.
  2359 | D:3      | Reached XP level 6. HP: 38/58 MP: 8/8
  2863 | D:4      | Found a glowing silver altar of Zin.
  2883 | D:4      | Noticed Menkaure
  2888 | D:4      | Killed Menkaure
  3020 | D:4      | Found a deep blue altar of Sif Muna.
  3159 | D:4      | Your scales start taking on a fiery red colour.
  3159 | D:4      | Reached XP level 7. HP: 58/68 MP: 9/9
  3159 | D:4      | Gained mutation: Your flesh is heat resistant. (rF+) [Red Draconian growth]
  3178 | D:4      | Found Rituas's Food Shop.
  3217 | D:4      | Noticed Ijyb
  3234 | D:4      | Killed Ijyb
  3522 | D:4      | Reached skill level 1 in Spellcasting
  3550 | D:4      | Found Ufelueme's Magic Scroll Boutique.
  3553 | D:4      | Bought a scroll of teleportation for 36 gold pieces
  3553 | D:4      | Bought a scroll of enchant armour for 90 gold pieces
  3553 | D:4      | Bought a scroll of random uselessness for 12 gold pieces
  3640 | D:5      | Entered Level 5 of the Dungeon
  3640 | D:5      | Noticed 2d6's ghost (novice DsCK)
  4364 | D:5      | Found a stormy altar of Qazlal.
  4394 | D:4      | Reached XP level 8. HP: 35/78 MP: 11/11
  4401 | D:4      | Reached skill level 1 in Polearms
  4740 | D:5      | Killed 2d6's ghost
  4740 | D:5      | Reached skill level 4 in Polearms
  5064 | D:5      | Reached skill level 5 in Polearms
  5306 | D:5      | Found a shattered altar of Ashenzari.
  5503 | D:6      | Reached skill level 6 in Polearms
  5816 | D:6      | Found a shimmering altar of Xom.
  6043 | D:6      | Found a shimmering altar of Xom.
  6403 | D:7      | Noticed a hippogriff
  6413 | D:7      | Killed a hippogriff
  6413 | D:7      | Reached skill level 7 in Polearms
  6413 | D:7      | Reached XP level 9. HP: 60/83 MP: 12/12
  6627 | D:7      | Found a staircase to the Ecumenical Temple.
  6632 | Temple   | Entered the Ecumenical Temple
  6707 | Temple   | Became a worshipper of Vehumet
  7094 | D:7      | Reached skill level 8 in Polearms
  7609 | D:7      | Found a white marble altar of Elyvilon.
  7622 | D:7      | Reached skill level 9 in Polearms
  8250 | D:7      | Reached skill level 10 in Polearms
  8372 | D:8      | Found a sparkling altar of Nemelex Xobeh.
  8444 | D:7      | Slain by an orc warrior

Skill      XL: |  1  2  3  4  5  6  7  8  9 |
---------------+----------------------------+-----
Stealth        | 1 |  1.0
Dodging        | 2 |  2.0
Fighting       | 2 3 4 5 6 8 9 |  9.0
Spellcasting   | 2 |  2.3
Polearms       | 7 10 | 10.3
Evocations     | 4 |  4.1
Short Blades   | |  1.0

Action                   |  1- 3 |  4- 6 |  7- 9 || total
-------------------------+-------+-------+-------++-------
Melee: Short sword       |   132 |   122 |    65 ||   319
       Tailslap          |     9 |    16 |    41 ||    66
       Halberd           |       |       |   281 ||   281
 Abil: Breathe Fire      |       |       |     8 ||     8
Evoke: Wand              |     2 |    13 |    29 ||    44
  Use: Potion            |     4 |     5 |     7 ||    16
       Scroll            |     1 |     6 |     5 ||    12
 Stab: Sleeping          |     3 |     3 |     1 ||     7
       Invisible         |       |     1 |       ||     1
  Eat: Chunk             |     1 |     6 |     8 ||    15
       Ration            |       |       |     3 ||     3
Armor: Skin              |    48 |    49 |    83 ||   180
Dodge: Dodged            |    70 |    51 |   213 ||   334
